FIQ, neutral male scurrid Tourist }}}}}}}}}}}}}}}}}}}}}}}}}}}}}}}}}}}}}}}}}}}}}}}}} }}}}}}}}}}}}}}}}}}}}}}}}}}}}}}}}}}}}}}}}}}}}}} }}}}}}}}}.}}}}}}.....}}}}}}}}}}}}}}}}}}}}} };}}}}}....}}}}}....}}}}}}}}}}}}}}}}}}} }...}}}}}}}}}}}....}}}..}}}}}}}}}}}} }...}}}}}}}}}}...T}}}}..}}}}}}}} }...}}}}}}}}}}}}}}}}}}}}}}}}}}- }`..}}}}}}}}}}}}}}}}}}}}}}}}}.| }....}}}}}..@}}}}}}}}}}}}}}..`----- }...+.}}}}}.}}}}}}}}}}}}}}}.......| }....}}}}}}}}}}}}}}}}}}}}}}....l..| }....}}}}}}}}}}}}}}}}}}}}}}n.^- }.....}}}}}}}}}}}}}}}}}}}}}}}.| }......}}}}}}}}}}E}}}}}}}}}}}}----------------- }}}}...}}}}}}} }}...<..}}}}}}}...}}}}}}}}}}}}}}}}}.c.../.}}}}}}}}}}..}}}}}}}}}......}}}}}} }[r...}}}}}}}}}}.....}}}}}}}}}}}}}}}}}}}}}}}}}}}}}}.....}}}}}}..}}}.}}}}}}} }}..}}}}}}}}}}}}}....}}}}}}}}}}}}}}}}}}}}}}}}}}}}}}}..}}}}}}}}}}}}}}}}}}}}} }}%}}}}}}}}}}}}}}....}}}}}}}}}}}}}}}}}}}}}}}..}}..}}}}}}}}}}}}}}}}}}}}}}}}} }}}}}}}}}}}}}}}}}}}}}}}}}}}}}}}}}}}}}}}}}}}}}}}}}}}}}}}}}}}}}}}}}}}}}}}}}}} }}}}}}}}}}}}}}}}}}}}}}}}}}}}}}}}}}}}}}}}}}}}}}}}}}}}}}}}}}}}}}}}}}}}}}}}}}} FIQ the Rambler Experience level: 1 Strength: 14 Dexterity: 12 Constitution: 12 Intelligence: 14 Wisdom: 7 Charisma: 16 Health: 6(9) Energy: 2(2) Def: 0 Gold: 233 Moves: 76 Dungeon seed: O1KviEnoB20mQEfT Game ID: FIQ_1498602089 Your Inventory: Coins $ - 233 gold pieces Weapons a - 42 uncursed rusty +2 darts (in quiver) Armor e - an uncursed +0 Hawaiian shirt (being worn) Comestibles b - 8 uncursed food rations c - an uncursed fortune cookie d - an uncursed cram ration f - 2 uncursed carrots Scrolls i - 4 uncursed scrolls of magic mapping Potions g - an uncursed potion of extra healing h - a blessed potion of extra healing Wands l - an uncursed wand of secret door detection (0:13) Tools j - an uncursed expensive camera (0:44) k - an uncursed credit card m - an uncursed leash Spells and supernatural/magical abilities: Name Level Category Fail Memory W - pray for help -- divine ? -- Your skills at the end: Miscellaneous Skills wands [Basic] Weapon Skills dart [Basic] Spellcasting Skills Final Attributes: You were devoutly aligned. You had infravision. You were very stealthy. You survived. Vanquished creatures: an orc mummy 2 bats 3 creatures vanquished. Voluntary challenges: You went without food. You did not adorn yourself with jewelry or accessories. You did not cause conflict. You were not invisible. You did not have reflection. You were not displaced. You were an atheist. You never hit with a wielded weapon. You were a pacifist. You did not use tools. You did not use plumbed fixtures. You did not drink any magical draughts. You were illiterate. You never genocided any monsters. You never polymorphed an object. You never changed form. You used no wishes. You never split a pudding. You never wrote Elbereth's name. You never violated your personal moral code. Dungeon overview: The Dungeons of Doom: levels 1 to 22 Level 1 a long staircase Level 2 Level 3 Level 4 Level 5 Level 6 Level 7 Level 8 Level 9 a fountain Level 10 Level 11 Level 12 Level 13 Level 14 Level 15 a fountain Level 16 Level 17 Level 18 Level 19 Level 20 Level 21 Level 22 <- You were here History has recorded: On T:1 you entered the Dungeons of Doom to retrieve the Amulet of Yendor! On T:25 you reached level 2 of The Dungeons of Doom. On T:28 you reached level 3 of The Dungeons of Doom. On T:30 you reached level 4 of The Dungeons of Doom. On T:32 you reached level 5 of The Dungeons of Doom. On T:34 you reached level 6 of The Dungeons of Doom. On T:37 you reached level 7 of The Dungeons of Doom. On T:39 you reached level 8 of The Dungeons of Doom. On T:41 you reached level 9 of The Dungeons of Doom. On T:43 you reached level 10 of The Dungeons of Doom. On T:47 you reached level 11 of The Dungeons of Doom. On T:49 you reached level 12 of The Dungeons of Doom. On T:52 you reached level 13 of The Dungeons of Doom. On T:54 you reached level 14 of The Dungeons of Doom. On T:56 you reached level 15 of The Dungeons of Doom. On T:58 you reached level 16 of The Dungeons of Doom. On T:61 you reached level 17 of The Dungeons of Doom. On T:63 you reached level 18 of The Dungeons of Doom. On T:63 you entered the Rogue tribute level. On T:65 you reached level 19 of The Dungeons of Doom. On T:69 you reached level 20 of The Dungeons of Doom. On T:71 you reached level 21 of The Dungeons of Doom. On T:73 you reached level 22 of The Dungeons of Doom. Score breakdown: Gold: 0 ( 0 points) Experience: 1 level ( 0 points) Exploration: 22 levels ( 630 points) Discoveries: 0 items ( 0 points) Variety of kills: 2 monsters ( 100 points) Major goal: (nothing yet) ( 0 points) Survival: quit (score multiplied by 3) Total score: 2190 Latest messages: You continue digging downward. You dig a pit in the floor. You continue digging downward. You dig a hole through the floor. You fall through... You start digging downward. You continue digging downward. You dig a pit in the floor. You continue digging downward. You dig a hole through the floor. You fall through... You start digging downward. You continue digging downward. You dig a pit in the floor. You continue digging downward. You dig a hole through the floor. You fall through... You start digging downward. A board beneath the island nymph squeaks loudly. You continue digging downward. As you dig, the hole fills with water! You fall into the water! You sink like a rock. Your darts rust! You try to crawl out of the water. Pheew! That was close. That command is only available in debug mode. Final status: Aloha FIQ the Tourist, quit... You quit in The Dungeons of Doom on dungeon level 22 with 2190 points, and 233 pieces of gold, after 76 moves. You were level 1 with a maximum of 9 hit points when you quit.